 Dungeon Crawl Stone Soup version 0.18.1-48-g4cf74bf (webtiles) character file.

32 atgrul the Digger (level 3, -7/20 HPs)
             Began as a Gargoyle Earth Elementalist on July 4, 2016.
             Killed by nerve-wracking pain
             ... invoked by Jessica
              (10 damage)
             ... on level 2 of the Dungeon.
             The game lasted 00:04:54 (1311 turns).

atgrul the Digger (Gargoyle Earth Elementalist)     Turns: 1311, Time: 00:04:56

Health: -7/20      AC: 15    Str: 11    XL:     3   Next: 25%
Magic:  6/6        EV:  5    Int: 16    God:
Gold:   16         SH:  0    Dex: 10    Spells: 1 memorised, 5 levels left

rFire  . . .     SeeInvis .     h - +0 short sword
rCold  . . .     Gourm    .     m - +4 chain mail
rNeg   + . .     Faith    .     (no shield)
rPois  ∞         Spirit   .     (no helmet)
rElec  +         Dismiss  .     (no cloak)
rCorr  .         Reflect  .     (no gloves)
SustAt .         Harm     .     (no boots)
MR     .....                    (no amulet)
Stlth  ..........               (no ring)
                                (no ring)

@: not resistant to hostile enchantments, extremely unstealthy
A: negative energy resistance 1, electricity resistance, unbreathing,
petrification resistance, rot immunity, AC +3
a: no special abilities


You were on level 2 of the Dungeon.
You were not hungry.

You visited 1 branch of the dungeon, and saw 2 of its levels.

You collected 16 gold pieces.

Inventory:

Hand Weapons
 h - a +0 short sword (weapon)
Missiles
 b - 51 stones (quivered)
Armour
 a - a +0 robe
 m - a +4 chain mail (worn)
Scrolls
 e - a scroll of noise {unknown}
 i - 4 scrolls of identify {unknown}
 k - 3 scrolls of remove curse {unknown}
 n - a scroll of magic mapping {unknown}
Potions
 g - a potion of invisibility {unknown}
 l - 2 potions of magic {unknown}
Books
 c - a book of Geomancy

   Spells                             Type                      Level
   a - Sandblast                      Earth                        1
   b - Passwall                       Transmutation/Earth          2
   c - Stone Arrow                    Conjuration/Earth            3
   d - Petrify                        Transmutation/Earth          4
   e - Lee's Rapid Deconstruction     Earth                        5
Comestibles
 d - a bread ration
 f - a meat ration
 j - a slice of pizza


   Skills:
 + Level 0.4 Fighting
 - Level 1.5 Dodging
 - Level 2.1 Stealth
 - Level 2.0 Spellcasting
   Level 0.7 Transmutations
 + Level 5.0 Earth Magic


You had 5 spell levels left.
You knew the following spells:

 Your Spells              Type           Power        Failure   Level  Hunger
a - Sandblast             Erth           ###...       98%         1    #......


Dungeon Overview and Level Annotations

Branches:
Dungeon (2/15)

Altars:
Cheibriados
Fedhas

Annotations:
D:2 Jessica


Innate Abilities, Weirdness & Mutations

You are resistant to torment.
Your stone body is resilient (AC +3).
You are immune to poison.
You resist negative energy.
You are resistant to electric shocks.
You can survive without breathing.
You are immune to petrification.
You are immune to rotting.


Message History

Jessica casts a spell.
Jessica seems to speed up.
The bat hits you but does no damage.
Jessica mumbles some strange words.
Jessica blinks!
The bat barely misses you.
Jessica points at you and mumbles some strange words.
Pain shoots through your body!
* * * LOW HITPOINT WARNING * * *
Jessica hits you but does no damage. The bat hits you.
* * * LOW HITPOINT WARNING * * *
Jessica hits you but does no damage. The bat hits you but does no damage.
Jessica says, "I'm really upset."
You open the door. The bat barely misses you.
Jessica hits you but does no damage.
The hobgoblin hits you but does no damage.
Jessica points at you and mumbles some strange words.
Pain shoots through your body!
Ouch! That really hurt!
You die...

########## ##### ##
#........#########...######### .#
#........##.............#.....
.###...........@.####...##.#.####
...'..........rg@'.....).....>...
.###............b#.....÷.#.#...##
@.§#......##############.#.#...#<
.....#....# #8## #....#.#.##
..........##8. ...8##....#.#...
..........##.........##....#.####
.......##.#>......[.._#....#..
.........###.........##....#..
..........##8...8...8##....######


You could see Jessica, a hobgoblin, a bat and a rat.

Vanquished Creatures
  2 giant geckos (D:1)
  6 bats
  A giant cockroach (D:2)
  3 goblins
  5 hobgoblins (D:1)
  2 giant newts (D:1)
  7 kobolds
  A rat (D:1)
27 creatures vanquished.

Notes
Turn   | Place    | Note
--------------------------------------------------------------
     0 | D:1      | atgrul the Gargoyle Earth Elementalist began the quest for the Orb.
     0 | D:1      | Reached XP level 1. HP: 10/10 MP: 3/3
   364 | D:1      | Reached skill level 4 in Earth Magic
   388 | D:1      | Reached XP level 2. HP: 14/15 MP: 0/5
   452 | D:1      | Found a snail-covered altar of Cheibriados.
   820 | D:1      | Reached XP level 3. HP: 13/20 MP: 6/6
  1047 | D:2      | Found a blossoming altar of Fedhas.
  1056 | D:2      | Reached skill level 5 in Earth Magic
  1236 | D:2      | Noticed Jessica
  1311 | D:2      | Killed from afar by Jessica

Skill      XL: |  1  2  3 |
---------------+----------+-----
Earth Magic    | 4 5 |  5.0
Fighting       | |  0.4
Dodging        | |  1.5
Stealth        | |  2.1
Spellcasting   | |  2.0
Transmutations | |  0.7

Action                   || total
-------------------------++-------
Melee: Short sword       ||    85
Throw: Stone             ||     2
 Cast: Sandblast         ||    23
  Eat: Beef jerky        ||     1
Armor: Robe              ||     9
       Chain mail        ||   115
Dodge: Dodged            ||    63
